 Dungeon Crawl Stone Soup version 0.22.1-1-ga44c0e5 (webtiles) character file.

115 Irenicus the Chopper (level 4, -4/40 HPs)
             Began as a Deep Dwarf Monk on Oct 7, 2018.
             Killed by nerve-wracking pain
             ... invoked by an orc priest
              (12 damage)
             ... on level 3 of the Dungeon.
             The game lasted 00:07:18 (1056 turns).

Irenicus the Chopper (Deep Dwarf Monk)              Turns: 1056, Time: 00:07:19

Health: -4/40      AC:  6    Str: 15    XL:     4   Next: 68%
Magic:  3/3        EV: 13    Int: 10    God:
Gold:   81         SH:  0    Dex: 16    Spells: 3/3 levels left

rFire    . . .     SeeInvis .   a - +0 hand axe
rCold    . . .     Gourm    .   (no shield)
rNeg     . . .     Faith    .   g - +0 leather armour
rPois    +         Spirit   .   (no helmet)
rElec    .         Reflect  .   q - +0 cloak
rCorr    .         Harm     .   (no gloves)
MR       .....                  k - +1 pair of boots
Stlth    ++........             (no amulet)
HPRegen  0.00/turn              (no ring)
MPRegen  0.08/turn              p - ring of poison resistance {rPois, !d}

@: non-regenerating
A: damage resistance, heal wounds, sense surroundings 1, no regeneration
a: Heal Wounds


You were on level 3 of the Dungeon.
You were hungry.

You visited 1 branch of the dungeon, and saw 3 of its levels.

You collected 81 gold pieces.

Inventory:

Hand Weapons
 a - a +0 hand axe (weapon)
Armour
 g - a +0 leather armour (worn)
   (You found it on level 1 of the Dungeon)
 k - a +1 pair of boots (worn)
   (You found it on level 1 of the Dungeon)
 q - a +0 cloak (worn)
   (You found it on level 3 of the Dungeon)
Jewellery
 b - an uncursed ring of attention
   (You found it on level 1 of the Dungeon)
 p - a ring of poison resistance (right hand) {rPois, !d}
   (You found it on level 2 of the Dungeon)
Wands
 r - a wand of iceblast (6)
   (You found it on level 3 of the Dungeon)
Scrolls
 f - a scroll of blinking {unknown}
 i - a scroll of teleportation
 l - 2 scrolls of identify {unknown}
 m - 3 scrolls of enchant armour
 o - 2 scrolls of remove curse
Potions
 d - a potion of berserk rage {unknown}
 e - a potion of lignification {!q}
 h - a potion of experience {unknown}
 j - a potion of agility {unknown}
 n - a potion of haste {unknown}
Comestibles
 c - 2 rations


   Skills:
 - Level 2.6 Fighting
 + Level 6.0 Axes
 - Level 3.2 Dodging
 - Level 2.4 Stealth


You had 3 spell levels left.
You didn't know any spells.
Your spell library was empty.

Dungeon Overview and Level Annotations

Branches:
Dungeon (3/15)

Altars:
Dithmenos
Gozag
Ru
Trog


Innate Abilities, Weirdness & Mutations

You are resistant to damage.
You can heal yourself by infusing magical energy.
You passively map a small area around you.
You do not regenerate.


Message History

The frilled lizard barely misses you. The kobold hits you but does no damage.
You slash the frilled lizard!
You kill the frilled lizard!
You closely miss the kobold. The kobold hits you but does no damage.
You hit the kobold.
You kill the kobold!
You see here a dagger.
You see here a cloak.
q - a cloak Wear which item? (? for menu, Esc to quit)
You start putting on your armour.
You continue putting on your cloak. x4
You finish putting on your +0 cloak.
You open the door.
There is an open door here.
You open the door.
Found a scroll labeled TAUB RINOTTIN and 17 gold pieces.
Found a stone staircase leading down.
There is an open door here.
A rat comes into view.
Found a faded altar of an unknown god.
You enter the shallow water.
Moving in this stuff is going to be slow.
A kobold comes into view. It is wielding a club.
You see here a scroll labeled TAUB RINOTTIN.
l - 2 scrolls labeled TAUB RINOTTIN (gained 1)
The kobold shouts!
You hear a shout!
The kobold throws a stone.
The stone hits you but does no damage.
You see here a stone.
The kobold throws a stone.
The stone misses you.
The kobold throws a stone.
The stone closely misses you.
You see here a stone.
The kobold throws a stone.
The stone misses you.
You see here a wand of iceblast (6).
r - a wand of iceblast (6)
The kobold hits you but does no damage.
You see here 17 gold pieces.
You now have 81 gold pieces (gained 17).
The kobold hits you with a club.
You take 1 damage, and have 24/40 hp.
You hit the kobold. The kobold barely misses you.
You hit the kobold.
You kill the kobold!
The rat misses you.
You see here a club.
You hit the rat.
You kill the rat!
An adder comes into view.
The adder hisses angrily.
You see here a rat corpse.
An orc and an orc wizard come into view.
The adder bites you but does no damage.
You miss the adder. The adder misses you.
You slash the adder! The adder barely misses you.
An orc comes into view.
You slash the adder!
You kill the adder!
Your Axes skill increases to level 6!
An orc comes into view. It is wielding a flail.
The orc wizard mumbles some strange words.
The orc wizard flickers and vanishes!
The orc hits you with a hand axe!
You take 4 damage, and have 20/40 hp.
The orc shouts!
You hit the orc.
An orc priest comes into view. It is wielding a whip.
The orc barely misses you.
The orc priest shouts!
You hit the orc but do no damage. x2; The orc closely misses you.
You barely miss the orc. You hit the orc. The orc barely misses you.
You hit the orc. You barely miss the orc. The orc barely misses you.
You hear some strange, mumbled words.
Something tries to affect you, but you resist.
The orc hits you but does no damage.
You closely miss the orc. You hit the orc.
You kill the orc!
The orc hits you.
You hit the orc.
You kill the orc!
You barely miss something. Something hits you but does no damage.
You miss something. Something hits you but does no damage.
You hit something but do no damage. Something hits you but does no damage.
You completely miss the orc. You hit something. Something barely misses you.
The orc hits you with a flail.
You take 3 damage, and have 17/40 hp.
You hit the orc but do no damage. You hit something but do no damage.
You closely miss the orc priest. Something hits you but does no damage.
The orc priest hits you with a whip.
You hit the orc priest. You completely miss something.
You hit the orc but do no damage. The orc barely misses you.
Something hits you but does no damage.
A rat comes into view.
The orc priest hits you with a whip.
You take 3 damage, and have 14/40 hp.
You hit the orc priest. You hit the orc but do no damage.
You hit something but do no damage. The orc hits you with a flail.
* * * LOW HITPOINT WARNING * * *
Something hits you.
* * * LOW HITPOINT WARNING * * *
The orc priest mumbles some strange prayers to Beogh against you.
Pain shoots through your body!
You die...

.....# #..≈≈≈.≈.≈≈≈≈
.)...# ###≈.≈≈≈♣_.r≈≈≈.
.....# #.((≈≈≈≈≈.♣≈≈≈≈≈
###'#####....≈≈≈≈≈≈≈≈≈≈≈
* #.....'.(≈≈≈≈≈≈≈≈≈≈≈..
#######....≈≈≈≈≈≈≈≈≈.≈ *
*#...≈≈.≈....≈... ,
,+.>.†...)....... ** *
#....)..@o..###
#........o..#
############# * * * , ,
,, *


You could see an orc priest, an orc and a rat.

Vanquished Creatures
  6 adders
  3 dart slugs
  2 leopard geckos
  4 orcs (D:3)
  2 giant cockroaches
  7 goblins
  5 hobgoblins
  6 bats
  2 frilled lizards
  11 kobolds
  3 rats
51 creatures vanquished.

Notes
Turn   | Place    | Note
-------+----------+-------------------------------------------
     0 | D:1      | Irenicus the Deep Dwarf Monk began the quest for the Orb.
     0 | D:1      | Reached XP level 1. HP: 20/20 MP: 1/1
    81 | D:1      | Reached skill level 4 in Axes
    81 | D:1      | Reached XP level 2. HP: 12/27 MP: 2/2
   535 | D:2      | Reached XP level 3. HP: 9/33 MP: 3/3
   635 | D:2      | Found a bloodstained altar of Trog.
   661 | D:2      | Reached skill level 5 in Axes
   674 | D:2      | HP: 8/33 [kobold/dagger (1)]
   695 | D:2      | HP: 6/33 [kobold/dagger (2)]
   723 | D:2      | HP: 3/33 [adder (3)]
   775 | D:2      | Reached XP level 4. HP: 21/40 MP: 3/3
   786 | D:2      | Found a shadowy altar of Dithmenos.
   891 | D:3      | Found a sacrificial altar of Ru.
   892 | D:3      | Found an opulent altar of Gozag.
   947 | D:3      | HP: 10/40 [leopard gecko (4)]
   965 | D:3      | HP: 9/40 [hobgoblin/club (1)]
  1017 | D:3      | Found a faded altar of an unknown god.
  1042 | D:3      | Reached skill level 6 in Axes
  1056 | D:3      | HP: 10/40 [orc/flail (4)]
  1056 | D:3      | Killed from afar by an orc priest

Skill      XL: |  1  2  3  4 |
---------------+-------------+-----
Axes           | 4 5 6 |  6.0
Fighting       | |  2.6
Dodging        | |  3.2
Stealth        | |  2.4

Action                   |  1- 3 |  4- 6 || total
-------------------------+-------+-------++-------
Melee: Hand axe          |   119 |    71 ||   190
 Abil: Heal Wounds       |     1 |     1 ||     2
  Use: Scroll            |     4 |       ||     4
       Potion            |     2 |       ||     2
 Stab: Sleeping          |     2 |     1 ||     3
Armor: Robe              |     3 |       ||     3
       Leather armour    |    22 |    37 ||    59
       Skin              |    11 |       ||    11
Dodge: Dodged            |    67 |    59 ||   126

Vault maps used:
D:1:      dpeg_arrival_tiny_k
D:2:      nicolae_overflow_hidden_temple, lemuel_crystal_altar,
          grunt_dithmenos_smoke_and_mirrors, uniq_crazy_yiuf_cottage
D:3:      gammafunk_temple_overflow_pools, chequers_ecumenical_altar_island,
          nicolae_ru_path_of_blood

Table legend:
 A = Turns spent in this place as a percentage of turns spent in the entire game.
 B = Non-inter-level travel turns spent in this place as a percentage of non-inter-level travel turns spent in the entire game.
 C = Inter-level travel turns spent in this place as a percentage of turns spent in this place.
 D = Turns resting spent in this place as a percentage of non-inter-level travel turns spent in this place.
 E = Turns spent auto-exploring this place as a percentage of non-inter-level travel turns spent in this place.
 F = Non-inter-level travel turns spent in this place divided by the number of levels of this place that you've seen.
                   A       B       C       D       E      F
               +-------+-------+-------+-------+-------+----------------------
         Total | 100.0 | 100.0 |   2.6 |   2.0 |   0.0 | 343.0
       Dungeon | 100.0 | 100.0 |   2.6 |   2.0 |   0.0 | 343.0
               +-------+-------+-------+-------+-------+----------------------

Table legend:
 A = Kills in this place as a percentage of kills in entire the game.
 B = Kills by you in this place as a percentage of kills by you in the entire game.
 C = Kills by friends in this place as a percentage of kills by friends in the entire game.
 D = Other kills in this place as a percentage of other kills in the entire game.
 E = Experience gained in this place as a percentage of experience gained in the entire game.
 F = Experience gained in this place divided by the number of levels of this place that you have seen.
                   A       B       C       D       E      F
               +-------+-------+-------+-------+-------+----------------------
         Total | 100.0 | 100.0 |   N/A |   N/A | 100.0 |  55.0
       Dungeon | 100.0 | 100.0 |   N/A |   N/A | 100.0 |  55.0
               +-------+-------+-------+-------+-------+----------------------
